Map: 瑟拉斯废墟

Players

shengy - Winner!

  • Race: Zerg Zerg
  • League: Platinum

Airduke

  • Race: Terran Terran
  • League: Silver

VOD

Have the link to the VOD?

Description

Time

  • Played on: Dec. 28, 2015, 9:07 p.m.
  • Length: 5:32
Show
View Real Time Build Order
Export as new Build Order

shengy Zerg - Winner!

Build Orders: Hatch First, Zergling Baneling 

Get SALT Encoding   

  12  0:01  Drone  
  13  0:08  Drone  
  14  0:17  Overlord  
  15  0:35  Drone x3  
  17  0:57  Hatchery  
  17  1:02  Drone x2  
  18  1:15  Spawning Pool  
  18  1:17  Drone  
  18  1:23  Extractor, Drone  
  18  1:29  Drone  
  19  1:44  Overlord  
  19  1:55  Drone  
  20  2:03  Queen  
  20  2:05  Zergling x2  
  23  2:09  Queen  
  23  2:11  Drone  
  23  2:13  Drone  
  27  2:24  Metabolic Boost  
  27  2:29  Drone  
  29  2:30  Drone  
  29  2:44  Drone x2  
  31  2:45  Drone x2  
  33  2:52  Drone  
  33  2:54  Baneling Nest  
  33  2:58  Extractor  
  33  2:59  Drone  
  33  3:10  Overlord  
  33  3:17  Overlord  
  33  3:33  Zergling x2  
  33  3:34  Zergling x12  
  40  3:38  Zergling x2  
  41  3:46  Zergling x2  
  41  3:47  Zergling x6  
  45  3:57  Overlord  
  45  3:58  Zergling x4  
  45  3:59  Zergling x4  
  48  4:04  Lair  
  47  4:36  Baneling x6  
  47  4:37  Baneling x9  
  47  4:46  Zergling x2  
  47  4:47  Zergling x12  
  47  4:49  Baneling x2  
  54  4:56  Drone  
  55  5:08  Hatchery  
Show
View Real Time Build Order
Export as new Build Order

Airduke Terran 

Build Orders: Liberator Opening, Reaper Expand 

Get SALT Encoding   

  12  0:01  SCV  
  13  0:13  SCV  
  14  0:24  Supply Depot  
  14  0:27  SCV  
  15  0:45  SCV  
  15  0:48  Barracks  
  16  0:52  Refinery  
  16  0:56  Refinery  
  16  0:57  SCV  
  17  1:09  SCV  
  18  1:21  SCV  
  19  1:35  Supply Depot  
  19  1:39  Reaper  
  20  1:45  Orbital Command  
  20  2:03  Factory  
  20  2:20  Command Center  
  20  2:31  Barracks Reactor  
  20  2:33  SCV  
  21  2:45  SCV  
  22  2:52  Starport  
  22  2:58  SCV  
  22  3:10  SCV  
  23  3:15  Hellion x2  
  23  3:17  Barracks Tech Lab  
  27  3:22  SCV  
  27  3:25  Liberator  
  28  3:28  Supply Depot  
  28  3:33  Orbital Command  
  28  3:34  SCV  
  29  3:46  SCV  
  33  3:54  Engineering Bay  
  33  3:58  SCV  
  34  4:04  Barracks  
  30  4:10  SCV  
  30  4:11  SCV  
  32  4:20  Marine  
  32  4:22  SCV  
  32  4:44  SCV  
  32  4:49  SCV  
  35  4:58  Marine  
  35  4:59  Marine x2  
  38  5:00  Starport Tech Lab  
  38  5:07  Supply Depot  
  38  5:08  Supply Depot  
Tags
 
Add a new tag
Caveats
  • Supply blocks, unpowered buildings, or Contaminate may cause inaccurate times.
  • Supply counts are checked every 10 seconds.